 Dungeon Crawl Stone Soup version 0.22.1-2-g9c5b331 (webtiles) character file.

436 Fang the Chopper (level 7, -10/44 HPs)
             Began as a Gargoyle Berserker on Jan 4, 2019.
             Was a Believer of Trog.
             Mangled by an ogre
             ... wielding a +0 giant spiked club
              (11 damage)
             ... on level 5 of the Dungeon.
             The game lasted 00:05:18 (3186 turns).

Fang the Chopper (Gargoyle Berserker)               Turns: 3186, Time: 00:05:19

Health: -10/44     AC: 18    Str: 22    XL:     7   Next: 1%
Magic:  7/7        EV:  7    Int:  8    God:    Trog [**....]
Gold:   210        SH:  0    Dex:  9    Spells: 6/6 levels left

rFire    . . .     SeeInvis .   i - +0 war axe
rCold    . . .     Gourm    .   (no shield)
rNeg     + . .     Faith    .   p - +0 plate armour
rPois    ∞         Spirit   .   (no helmet)
rElec    +         Reflect  .   (no cloak)
rCorr    .         Harm     .   q - +1 pair of gloves
MR       .....                  (no boots)
Stlth    ..........             (no amulet)
HPRegen  0.14/turn              (no ring)
MPRegen  0.10/turn              (no ring)

@: berserk cooldown, slowed, very slow
A: negative energy resistance 1, electricity resistance, unbreathing,
petrification resistance, rot immunity, AC +4
a: Berserk, Trog's Hand, Renounce Religion


You were on level 5 of the Dungeon.
You worshipped Trog.
Trog was pleased with you.
You were very hungry.

You visited 2 branches of the dungeon, and saw 6 of its levels.

You collected 210 gold pieces.

Inventory:

Hand Weapons
 i - a +0 war axe (weapon)
Armour
 b - a +0 animal skin
 p - a +0 plate armour (worn)
 q - a +1 pair of gloves (worn)
Jewellery
 r - an uncursed ring of protection from magic {unknown}
Scrolls
 f - 2 scrolls of magic mapping {unknown}
 g - 2 scrolls of remove curse {unknown}
 j - a scroll of blinking {unknown}
 k - a scroll of enchant weapon {unknown}
 m - 5 scrolls of identify {unknown}
 n - a scroll of fog {unknown}
 o - a scroll of noise {unknown}
 s - a scroll of amnesia {unknown}
Potions
 a - 2 potions of invisibility {unknown}
 d - 2 potions of heal wounds
 e - a potion of haste {unknown}
 h - a potion of flight {unknown}
 l - a potion of ambrosia {unknown}
 t - 2 potions of agility {unknown}
 u - a potion of brilliance {unknown}
 v - 2 potions of degeneration {unknown}
Comestibles
 c - 10 rations


   Skills:
 + Level 4.5 Fighting
 + Level 5.5 Axes
 + Level 3.4 Armour
 + Level 2.2 Dodging
 + Level 1.4 Stealth


You had 6 spell levels left.
You didn't know any spells.
Your spell library was empty.

Dungeon Overview and Level Annotations

Branches:
Dungeon (5/15)             Temple (1/1) D:4

Altars:
Ashenzari
Cheibriados
Dithmenos
Elyvilon
Fedhas
Makhleb
Nemelex Xobeh
Okawaru
Ru
Sif Muna
Xom
Yredelemnul
Zin
The Shining One

Annotations:
D:3 1 runed door, thomd's ghost, amateur DrTm


Innate Abilities, Weirdness & Mutations

You are resistant to torment.
Your stone body is resilient. (AC +4)
You are immune to poison.
You resist negative energy. (rN+)
You are resistant to electric shocks. (rElec)
You can survive without breathing.
You are immune to petrification.
You are immune to rotting.


Message History

* * * LOW HITPOINT WARNING * * *
The crimson imp blinks!
The phantom blinks!
The crimson imp blinks!
The quokka bites you but does no damage.
You hit the quokka.
The quokka is almost dead.
You slash the ogre!
The crimson imp blinks! x2
The quokka bites you but does no damage.
The ogre barely misses you.
The crimson imp blinks!
The quokka twitches its whiskers.
The quokka bites you but does no damage.
You slash the quokka!
You kill the quokka!
Trog accepts your kill.
You hit the ogre.
The ogre hits you with a giant spiked club!
* * * LOW HITPOINT WARNING * * *
The adder barely misses you.
The ogre hits you with a giant spiked club!
You die...

# . # #< ##.##)
############.
......####S>§.........
$#.#..).†@O##.........
.......W#####.#######.
.#.#§.#)# #.# ### .
.....#.# #.# #.. .
##.## #.# #.# #.# . [.
#.# #.# #.# . # #..
#.# ###.### . ### #.#
#.....# .
#.###.....###.


You could see a phantom, an ogre and an adder.

Vanquished Creatures
  An ogre (D:5)
  A centaur (D:5)
  A howler monkey (D:5)
  An orc priest (D:2)
  An orc wizard (D:2)
  A worker ant (D:5)
  A howler monkey skeleton (D:4)
  5 adders
  2 oozes
  3 worms
  3 dart slugs
  4 leopard geckos
  2 orcs
  2 giant cockroaches (D:3)
  9 hobgoblins
  A quokka (D:5)
  A ball python (D:1)
  6 bats
  4 frilled lizards
  12 goblins
  8 kobolds
  8 rats
77 creatures vanquished.

Notes
Turn   | Place    | Note
-------+----------+-------------------------------------------
     0 | D:1      | Fang the Gargoyle Berserker began the quest for the Orb.
     0 | D:1      | Reached XP level 1. HP: 14/14 MP: 1/1
   348 | D:1      | Reached XP level 2. HP: 15/19 MP: 2/2
   352 | D:1      | Reached skill level 3 in Axes
   962 | D:2      | Reached XP level 3. HP: 23/23 MP: 3/3
  1103 | D:2      | Reached ** piety under Trog
  1105 | D:2      | Reached XP level 4. HP: 29/29 MP: 4/4
  1332 | D:2      | Reached skill level 4 in Axes
  1442 | D:2      | Reached XP level 5. HP: 33/33 MP: 5/5
  1823 | D:2      | Found a glowing golden altar of the Shining One.
  1943 | D:3      | Found a runed door.
  1953 | D:3      | You fall through a shaft!
  1963 | D:4      | Reached skill level 1 in Stealth
  1965 | D:4      | Found a glowing golden altar of the Shining One.
  1975 | D:4      | Found an iron altar of Okawaru.
  2078 | D:4      | Found a staircase to the Ecumenical Temple.
  2147 | Temple   | Entered the Ecumenical Temple
  3035 | D:3      | Noticed thomd's ghost (amateur DrTm)
  3121 | D:5      | Entered Level 5 of the Dungeon
  3151 | D:5      | Noticed a centaur
  3153 | D:5      | Noticed an ogre
  3154 | D:5      | Noticed a phantom
  3161 | D:5      | Reached XP level 6. HP: 13/39 MP: 6/6
  3162 | D:5      | Reached skill level 5 in Axes
  3179 | D:5      | Reached XP level 7. HP: 5/44 MP: 7/7
  3186 | D:5      | HP: 1/44 [ogre/giant spiked club (11)]
  3186 | D:5      | Mangled by an ogre

Skill      XL: |  1  2  3  4  5  6 |
---------------+-------------------+-----
Axes           | 3 4 5 |  5.5
Fighting       | 4 |  4.5
Dodging        | 2 |  2.2
Stealth        | 1 |  1.4
Armour         | 3 |  3.4

Action                   |  1- 3 |  4- 6 |  7- 9 || total
-------------------------+-------+-------+-------++-------
Melee: Hand axe          |   115 |     2 |       ||   117
       War axe           |       |   138 |     4 ||   142
Invok: Berserk           |     1 |     1 |       ||     2
  Use: Potion            |       |       |     1 ||     1
 Stab: Sleeping          |     1 |     2 |       ||     3
  Eat: Chunk             |     1 |     7 |       ||     8
Armor: Animal skin       |    31 |    13 |       ||    44
       Plate armour      |       |    87 |    13 ||   100
Dodge: Dodged            |    65 |    74 |     4 ||   143
